[Event "42nd Olympiad Baku 2016 Women"]
[Site "Baku"]
[Date "2016.09.03"]
[Round "2.17"]
[White "Mammadova, Narmin"]
[Black "Atalik, Ekaterina"]
[Result "1/2-1/2"]
[ECO "B12"]
[WhiteElo "2230"]
[BlackElo "2422"]
[Annotator ""]
[PlyCount "120"]
[EventDate "2016.??.??"]
[EventCountry "AZE"]
[SourceTitle "playchess.com"]
[Source "ChessBase"]
[WhiteTeam "Azerbaijan"]
[BlackTeam "Turkey"]
[WhiteTeamCountry "AZE"]
[BlackTeamCountry "TUR"]
[TimeControl "40/5400+30:1800+30"]

1. e4 {(00:00)} c6 {(00:00)} 2. d4 {(00:00)} d5 {(
00:00)} 3. e5 {(00:07)} Bf5 {(00:27)} 4. c4 {(00:20)} e6 {
(04:34)} 5. Nc3 {(00:10)} Ne7 {(04:08)} 6. a3 {(00:
12)} dxc4 {(02:53)} 7. Bxc4 {(00:04)} Nd7 {(01:14)} 8.
Nge2 {(00:25)} Nb6 {(00:38)} 9. Bb3 {(00:16)} Ned5 {
(06:05)} 10. Ng3 {(08:46)} Bg6 {(02:48)} 11. h4 {(
03:14)} h6 {(02:35)} 12. h5 {(00:48)} Bh7 {(00:08)} 13.
Nce4 {(01:32)} Qc7 {(03:17)} 14. O-O {(02:05)} O-O-O {
(03:17)} 15. Qe2 {(04:03)} Kb8 {(03:27)} 16. Bd2 {(
02:01)} f5 {(03:26)} 17. exf6 {(14:54)} gxf6 {(00:15)} 18.
Nc5 {(00:42)} Re8 {(15:05)} 19. a4 {(08:59)} Bxc5 {
(06:07)} 20. dxc5 {(00:09)} Nd7 {(00:45)} 21. Rac1 {
(02:01)} Ne5 {(02:37)} 22. Ne4 {(03:11)} Bxe4 {(06:
26)} 23. Qxe4 {(00:04)} Rhg8 {(01:01)} 24. f3 {(05:34)}
Qg7 {(05:00)} 25. Rf2 {(01:48)} Qf7 {(01:02)} 26. Bxd5 {
(06:54)} exd5 {(04:21)} 27. Qf5 {(00:59)} Qe6 {(06:
39)} 28. Qxe6 {(02:51)} Rxe6 {(00:05)} 29. Re1 {(00:55)}
Rge8 {(01:28)} 30. Kf1 {(01:19)} Kc8 {(05:40)} 31. Rfe2 {
(01:46)} Kd7 {(00:35)} 32. Bxh6 {(11:15)} Rh8 {(00:
25)} 33. f4 {(01:31)} Rxh6 {(00:08)} 34. g4 {(00:31)} Re8
{(05:57)} 35. fxe5 {(00:13)} f5 {(00:30)} 36. gxf5 {
(08:37)} Rxh5 {(00:04)} 37. f6 {(01:14)} Ke6 {(00:
31)} 38. Rg2 {(02:09)} d4 {(02:34)} 39. Rd1 {(04:36)} Rxe5
{(01:50)} 40. Rxd4 {(00:00)} Kxf6 {(00:00)} 41. Rf4+ {
(02:09)} Ke6 {(05:18)} 42. Rg7 {(11:51)} Re7 {(12:
16)} 43. Rxe7+ {(00:13)} Kxe7 {(00:03)} 44. b4 {(00:08)}
Ke6 {(00:47)} 45. Rh4 {(05:06)} a5 {(02:01)} 46. bxa5 {
(07:11)} Rxc5 {(01:34)} 47. Rb4 {(00:31)} Rxa5 {(
01:48)} 48. Rxb7 {(00:02)} Rxa4 {(00:11)} 49. Ke2 {(00:05]
} Rd4 {(00:41)} 50. Ke3 {(01:17)} Rd8 {(01:07)} 51. Ke4 {
(00:21)} Rd1 {(00:11)} 52. Rh7 {(00:24)} Kd6 {(00:
41)} 53. Rh5 {(00:23)} Kc7 {(00:30)} 54. Ke3 {(00:48)} Kb6
{(00:07)} 55. Ke2 {(00:12)} Rd8 {(00:24)} 56. Rh1 {
(00:32)} c5 {(00:22)} 57. Rd1 {(02:40)} Rxd1 {(04:
28)} 58. Kxd1 {(00:02)} Kb5 {(00:11)} 59. Kc1 {(00:05)}
Ka4 {(00:47)} 60. Kc2 {(00:09)} Kb4 1/2-1/2

[Event "42nd Olympiad Baku 2016 Women"]
[Site "Baku"]
[Date "2016.09.03"]
[Round "2.3"]
[White "Martinez, Ayelen"]
[Black "Fuad Kamel Jamaliah, Natalie"]
[Result "1-0"]
[ECO "B40"]
[WhiteElo "2219"]
[BlackElo "2064"]
[Annotator ""]
[PlyCount "127"]
[EventDate "2016.??.??"]
[EventCountry "AZE"]
[SourceTitle "playchess.com"]
[Source "ChessBase"]
[WhiteTeam "Argentina"]
[BlackTeam "Jordan"]
[WhiteTeamCountry "ARG"]
[BlackTeamCountry "JOR"]
[TimeControl "40/5400+30:1800+30"]

1. e4 {(00:00)} c5 {(00:00)} 2. Nf3 {(00:00)} e6 {(
00:01)} 3. d3 {(03:24)} d6 {(02:40)} 4. g3 {(00:04)} Nf6 {
(03:49)} 5. Bg2 {(00:09)} Be7 {(01:02)} 6. O-O {(
01:24)} O-O {(02:44)} 7. Re1 {(01:43)} e5 {(10:22)} 8. c3
{(00:12)} Nc6 {(01:38)} 9. Nbd2 {(03:19)} Bg4 {(03:
59)} 10. Nc4 {(03:22)} Rc8 {(08:20)} 11. Ne3 {(03:49)} Qd7
{(07:40)} 12. a3 {(12:47)} a6 {(04:26)} 13. Nc4 {(
14:53)} Qc7 {(02:50)} 14. Bg5 {(00:13)} h6 {(07:48)} 15.
Bxf6 {(00:14)} Bxf6 {(00:13)} 16. Ne3 {(03:19)} Be6 {
(03:18)} 17. Nd5 {(04:54)} Bxd5 {(03:22)} 18. exd5 {
(00:04)} Ne7 {(00:28)} 19. Nd2 {(01:00)} Qd8 {(02:
56)} 20. Ne4 {(01:55)} Ng6 {(02:25)} 21. Bh3 {(16:38)} Rc7
{(03:19)} 22. a4 {(04:57)} Bg5 {(05:03)} 23. Qh5 {(
00:52)} Nh8 {(01:52)} 24. f4 {(09:51)} exf4 {(06:09)} 25.
gxf4 {(00:03)} g6 {(01:36)} 26. Qf3 {(00:15)} Bh4 {
(00:14)} 27. Re2 {(00:22)} f5 {(00:54)} 28. Ng3 {(
00:32)} Re7 {(03:23)} 29. Re6 {(07:12)} Bxg3 {(03:34)} 30.
hxg3 {(00:46)} Rfe8 {(01:41)} 31. Rae1 {(01:19)} Qd7 {
(03:19)} 32. Kf2 {(01:32)} b6 {(01:37)} 33. Bg2 {(
01:16)} Kg7 {(00:42)} 34. R1e3 {(00:52)} Rxe6 {(01:21)}
35. dxe6 {(00:06)} Qe7 {(00:10)} 36. Re2 {(01:15)} a5 {
(00:21)} 37. Bf1 {(00:21)} Rc8 {(00:14)} 38. Qd5 {(
00:27)} g5 {(01:25)} 39. Ke1 {(02:33)} Ng6 {(01:00)} 40.
Qf3 {(00:00)} gxf4 {(00:00)} 41. gxf4 {(06:52)} Re8 {
(06:44)} 42. Kd1 {(06:52)} Qh4 {(09:44)} 43. Rg2 {(
09:03)} Rxe6 {(03:28)} 44. Be2 {(00:28)} Kf6 {(03:18)} 45.
Rg1 {(07:07)} Qh2 {(03:30)} 46. Rh1 {(03:29)} Qxf4 {
(00:37)} 47. Qa8 {(00:52)} Re7 {(01:19)} 48. Qc6 {(
00:51)} Re6 {(01:11)} 49. Re1 {(00:29)} Ne5 {(01:44)} 50.
Qa8 {(00:22)} Qxa4+ {(00:30)} 51. Kd2 {(00:04)} Qe8 {
(02:28)} 52. Qh1 {(00:07)} Qg6 {(01:49)} 53. Kc2 {(
01:26)} Ng4 {(00:15)} 54. Kb3 {(00:15)} Re5 {(00:30)} 55.
Qa8 {(00:47)} Qf7+ {(00:11)} 56. Kc2 {(00:21)} Qe7 {
(00:07)} 57. Qh8+ {(00:08)} Kf7 {(01:13)} 58. Kd2 {
(01:00)} Qg5+ {(00:49)} 59. Kc2 {(00:09)} Nf6 {(00:
23)} 60. d4 {(00:28)} Re8 {(00:06)} 61. Bc4+ {(00:12)} d5
{(00:11)} 62. Bxd5+ {(00:06)} Nxd5 {(01:32)} 63. Qxe8+ {
(00:22)} Kg7 {(00:58)} 64. Qd7+ {(00:10)} 1-0

[Event "42nd Olympiad Baku 2016 Women"]
[Site "Baku"]
[Date "2016.09.03"]
[Round "2.13"]
[White "Marzouk, Amira"]
[Black "Lagutina, Olga"]
[Result "0-1"]
[ECO "B24"]
[WhiteElo "1724"]
[BlackElo "1910"]
[Annotator ""]
[PlyCount "58"]
[EventDate "2016.??.??"]
[EventCountry "AZE"]
[SourceTitle "playchess.com"]
[Source "ChessBase"]
[WhiteTeam "TUN"]
[BlackTeam "ICCD"]
[WhiteTeamCountry "TUN"]
[BlackTeamCountry "RUS"]
[TimeControl "40/5400+30:1800+30"]

1. e4 {(00:00)} c5 {(00:00)} 2. Nc3 {(00:12)} Nc6 {
(00:11)} 3. g3 {(00:41)} g6 {(01:21)} 4. Bg2 {(00:
47)} Bg7 {(00:12)} 5. d3 {(00:25)} e6 {(01:07)} 6. Nf3 {
(03:17)} Nge7 {(01:41)} 7. Be3 {(01:26)} d6 {(01:
54)} 8. Qd2 {(01:00)} Nd4 {(00:43)} 9. Nd1 {(04:34)} Nec6
{(04:38)} 10. c3 {(01:23)} Nxf3+ {(01:58)} 11. Bxf3 {
(00:11)} e5 {(03:43)} 12. Bg2 {(03:05)} Be6 {(05:
50)} 13. Bh6 {(01:56)} O-O {(02:52)} 14. h4 {(02:30)} Bxh6
{(06:37)} 15. Qxh6 {(00:27)} Qf6 {(03:39)} 16. h5 {
(05:15)} Qg7 {(00:40)} 17. hxg6 {(08:43)} fxg6 {(
03:21)} 18. Qh2 {(11:13)} Rf7 {(08:54)} 19. Bh3 {(04:13)}
Bxh3 {(11:02)} 20. Qxh3 {(00:08)} Qf6 {(02:20)} 21. Rh2 {
(04:01)} Qf3 {(10:49)} 22. Ne3 {(06:07)} c4 {(12:
49)} 23. Nxc4 {(06:37)} Qxd3 {(03:27)} 24. Nd2 {(00:19)}
d5 {(01:39)} 25. exd5 {(04:50)} Qxd5 {(00:52)} 26. Qg2 {
(02:05)} e4 {(04:59)} 27. Rh4 {(18:10)} Ne5 {(01:
38)} 28. O-O-O {(09:53)} Nd3+ {(02:06)} 29. Kb1 {(00:02)}
Nxf2 {(00:41)} 0-1

[Event "42nd Olympiad Baku 2016 Women"]
[Site "Baku"]
[Date "2016.09.03"]
[Round "2.14"]
[White "Maslikova, Veronika"]
[Black "Krivec, Jana"]
[Result "1-0"]
[ECO "C60"]
[WhiteElo "2247"]
[BlackElo "2259"]
[Annotator ""]
[PlyCount "115"]
[EventDate "2016.??.??"]
[EventCountry "AZE"]
[SourceTitle "playchess.com"]
[Source "ChessBase"]
[WhiteTeam "Slovakia"]
[BlackTeam "Slovenia"]
[WhiteTeamCountry "SVK"]
[BlackTeamCountry "SLO"]
[TimeControl "40/5400+30:1800+30"]

1. e4 {(00:00)} e5 {(00:00)} 2. Nf3 {(00:00)} Nc6 {
(00:00)} 3. Bb5 {(00:00)} Nge7 {(00:00)} 4. O-O {(
01:12)} g6 {(00:00)} 5. c3 {(04:57)} a6 {(00:02)} 6. Ba4 {
(00:21)} Bg7 {(00:29)} 7. d4 {(07:31)} exd4 {(00:
37)} 8. cxd4 {(00:46)} b5 {(00:38)} 9. Bb3 {(08:39)} O-O {
(00:28)} 10. h3 {(16:27)} d6 {(02:01)} 11. a3 {(10:
04)} Na5 {(01:55)} 12. Ba2 {(01:35)} c5 {(01:05)} 13. Nc3
{(04:40)} cxd4 {(47:08)} 14. Nxd4 {(00:24)} Nc4 {(
00:15)} 15. Bxc4 {(15:16)} bxc4 {(00:05)} 16. Bg5 {(01:55]
} Qc7 {(03:48)} 17. Qd2 {(01:47)} Bb7 {(04:03)} 18. Rad1 {
(01:30)} Rfe8 {(00:57)} 19. Rfe1 {(00:29)} Rab8 {(
03:05)} 20. Bh6 {(03:06)} Bh8 {(07:03)} 21. Bf4 {(02:01)}
Ba8 {(02:48)} 22. Nf3 {(02:33)} Nc8 {(03:11)} 23. Ng5 {
(03:31)} Qb6 {(04:11)} 24. Rb1 {(03:45)} Qd4 {(02:
18)} 25. Nf3 {(00:36)} Qxd2 {(00:12)} 26. Nxd2 {(00:04)}
Bxc3 {(03:53)} 27. bxc3 {(00:03)} Rxb1 {(00:04)} 28. Rxb1
{(00:18)} d5 {(09:57)} 29. Rb8 {(00:42)} Bc6 {(00:
04)} 30. exd5 {(02:25)} Bxd5 {(00:04)} 31. Kh2 {(00:18)}
f6 {(01:47)} 32. Rb4 {(01:00)} g5 {(01:46)} 33. Be3 {
(00:38)} Ne7 {(01:59)} 34. Nxc4 {(02:04)} Rc8 {(00:
29)} 35. Nd6 {(00:32)} Rxc3 {(00:19)} 36. Rb8+ {(00:09)}
Kg7 {(00:03)} 37. Ne8+ {(00:49)} Kf7 {(00:52)} 38. Nxf6 {
(00:43)} Rxa3 {(00:43)} 39. Nxh7 {(00:25)} Nf5 {(
00:37)} 40. Nxg5+ {(00:00)} Kg7 {(00:00)} 41. Bc1 {(07:37]
} Ra2 {(01:46)} 42. Rb2 {(01:32)} Rxb2 {(08:38)} 43. Bxb2+
{(00:04)} Kg6 {(00:03)} 44. f4 {(04:00)} Ne3 {(01:
20)} 45. g4 {(01:29)} a5 {(04:12)} 46. Kg3 {(03:34)} a4 {
(00:24)} 47. h4 {(01:57)} Nc2 {(01:06)} 48. f5+ {(
00:26)} Kh6 {(00:07)} 49. f6 {(02:32)} Kg6 {(04:41)} 50.
Kf4 {(00:29)} a3 {(00:54)} 51. h5+ {(00:09)} Kh6 {(
00:04)} 52. f7 {(00:44)} Bxf7 {(00:05)} 53. Nxf7+ {(00:03]
} Kh7 {(00:04)} 54. Bc3 {(00:49)} a2 {(00:05)} 55. g5 {
(00:17)} a1=Q {(00:07)} 56. g6+ {(00:17)} Kg8 {(00:
04)} 57. Bxa1 {(00:32)} Nxa1 {(00:05)} 58. h6 {(00:04)}
1-0

[Event "42nd Olympiad Baku 2016 Women"]
[Site "Baku"]
[Date "2016.09.03"]
[Round "2.15"]
[White "Meddeb, Chadha"]
[Black "Gonchar, Svitlana"]
[Result "1/2-1/2"]
[ECO "C18"]
[WhiteElo "1585"]
[BlackElo "1807"]
[Annotator ""]
[PlyCount "67"]
[EventDate "2016.??.??"]
[EventCountry "AZE"]
[SourceTitle "playchess.com"]
[Source "ChessBase"]
[WhiteTeam "TUN"]
[BlackTeam "ICCD"]
[WhiteTeamCountry "TUN"]
[BlackTeamCountry "UKR"]
[TimeControl "40/5400+30:1800+30"]

1. e4 {(00:00)} e6 {(00:00)} 2. d4 {(00:00)} d5 {(
00:00)} 3. Nc3 {(00:05)} Bb4 {(00:04)} 4. e5 {(03:14)} c5
{(00:25)} 5. a3 {(02:45)} Bxc3+ {(00:07)} 6. bxc3 {
(00:04)} Ne7 {(00:06)} 7. Qg4 {(02:09)} O-O {(02:
08)} 8. Nf3 {(08:11)} Nbc6 {(01:53)} 9. Bd2 {(02:25)} Bd7
{(10:48)} 10. Bd3 {(04:57)} Ng6 {(08:52)} 11. h4 {(
05:10)} c4 {(04:40)} 12. Bxg6 {(00:06)} fxg6 {(00:05)} 13.
h5 {(05:57)} Qe8 {(29:12)} 14. hxg6 {(11:00)} Qxg6 {
(02:30)} 15. Qxg6 {(00:03)} hxg6 {(00:09)} 16. Ng5 {
(00:06)} Nd8 {(05:20)} 17. Ke2 {(06:48)} Nf7 {(00:
52)} 18. Nh3 {(00:46)} Nh6 {(01:58)} 19. Nf4 {(01:40)} Kh7
{(02:23)} 20. g4 {(12:33)} g5 {(01:23)} 21. Ng2 {(
00:13)} Kg6 {(00:39)} 22. Rh5 {(03:37)} Nf7 {(07:04)} 23.
f4 {(06:03)} Rh8 {(03:37)} 24. Rah1 {(00:16)} Rxh5 {
(01:23)} 25. Rxh5 {(00:23)} Rh8 {(00:05)} 26. Rxh8 {
(00:57)} Nxh8 {(00:07)} 27. fxg5 {(00:16)} Kf7 {(
03:38)} 28. Nf4 {(18:21)} Ng6 {(00:10)} 29. Nh5 {(00:25)}
Ba4 {(02:11)} 30. Kd1 {(00:09)} Nh4 {(01:34)} 31. Nf4 {
(02:50)} Ng6 {(00:06)} 32. Nh5 {(00:34)} Nh4 {(00:
12)} 33. Nf4 {(00:38)} Ng6 {(00:05)} 34. Nh5 {(00:34)}
1/2-1/2

[Event "42nd Olympiad Baku 2016 Women"]
[Site "Baku"]
[Date "2016.09.03"]
[Round "2.2"]
[White "Menon Jayadev, Poornima"]
[Black "Saira Rafique"]
[Result "1-0"]
[ECO "A40"]
[WhiteElo "1837"]
[BlackElo "1104"]
[Annotator ""]
[PlyCount "59"]
[EventDate "2016.??.??"]
[EventCountry "AZE"]
[SourceTitle "playchess.com"]
[Source "ChessBase"]
[WhiteTeam "Ireland"]
[BlackTeam "Pakistan"]
[WhiteTeamCountry "IRL"]
[BlackTeamCountry "PAK"]
[TimeControl "40/5400+30:1800+30"]

1. d4 {(00:00)} e6 {(00:00)} 2. c4 {(00:13)} c6 {(
02:13)} 3. e4 {(08:32)} d6 {(05:49)} 4. Nf3 {(04:38)} Nd7
{(03:27)} 5. Nc3 {(02:52)} Ngf6 {(02:38)} 6. Bd3 {(
19:39)} Be7 {(15:34)} 7. O-O {(01:36)} O-O {(00:08)} 8. e5
{(09:22)} dxe5 {(08:34)} 9. dxe5 {(00:43)} Ng4 {(
05:55)} 10. Bf4 {(16:43)} h6 {(14:17)} 11. h3 {(04:32)}
Bg5 {(11:19)} 12. Bxg5 {(04:12)} hxg5 {(01:12)} 13. hxg4 {
(00:46)} Nc5 {(03:15)} 14. Bc2 {(01:19)} Qe7 {(04:
58)} 15. Qd6 {(04:42)} Qxd6 {(04:42)} 16. exd6 {(00:05)}
f6 {(01:02)} 17. b4 {(03:38)} Nd7 {(01:31)} 18. c5 {
(01:07)} e5 {(00:35)} 19. Bb3+ {(00:37)} Kh8 {(00:
41)} 20. Kh2 {(00:35)} b6 {(02:30)} 21. Kg3 {(02:13)} Kh7
{(01:32)} 22. Rh1+ {(01:46)} Kg6 {(00:28)} 23. Bc2+ {
(01:14)} Kf7 {(01:30)} 24. Ne4 {(04:19)} Ba6 {(05:
26)} 25. Nfxg5+ {(04:11)} fxg5 {(01:20)} 26. Nxg5+ {(00:
03)} Kf6 {(00:40)} 27. Nh7+ {(00:02)} Ke6 {(01:41)} 28.
Nxf8+ {(00:18)} Nxf8 {(00:10)} 29. Bf5+ {(00:19)} Kf6 {
(00:37)} 30. Rh8 {(01:26)} 1-0

[Event "42nd Olympiad Baku 2016 Women"]
[Site "Baku"]
[Date "2016.09.03"]
[Round "2.33"]
[White "Mentile, Lishen"]
[Black "Jennitha, Anto K"]
[Result "0-1"]
[ECO "B50"]
[WhiteElo "1480"]
[BlackElo "1953"]
[Annotator ""]
[PlyCount "66"]
[EventDate "2016.??.??"]
[EventCountry "AZE"]
[SourceTitle "playchess.com"]
[Source "ChessBase"]
[WhiteTeam "NAM"]
[BlackTeam "IPCA"]
[WhiteTeamCountry "NAM"]
[BlackTeamCountry "IND"]
[TimeControl "40/5400+30:1800+30"]

1. e4 c5 {(00:00)} 2. Nf3 {(00:49)} d6 {(00:00)} 3. c3 {
(02:26)} Nf6 {(02:22)} 4. h3 {(04:55)} Nc6 {(00:38]
} 5. d3 {(00:48)} g6 {(02:41)} 6. Nbd2 {(03:40)} Bg7 {
(00:54)} 7. d4 {(06:00)} cxd4 {(02:53)} 8. cxd4 {(
01:46)} O-O {(09:15)} 9. d5 {(06:35)} Ne5 {(02:29)} 10.
Nxe5 {(10:24)} dxe5 {(00:03)} 11. Be2 {(02:19)} e6 {
(04:00)} 12. dxe6 {(00:33)} Bxe6 {(00:04)} 13. O-O {
(00:35)} Rc8 {(11:32)} 14. b3 {(02:43)} Qd4 {(11:
02)} 15. Rb1 {(00:28)} Nxe4 {(03:37)} 16. Nxe4 {(02:48)}
Qxe4 {(00:08)} 17. Bb2 {(00:21)} Rfd8 {(04:53)} 18. Qe1 {
(00:21)} Qc2 {(01:41)} 19. Bf3 {(03:49)} Bf5 {(01:
54)} 20. Qb4 {(11:52)} Qd2 {(05:48)} 21. Qxd2 {(08:10)}
Rxd2 {(00:03)} 22. Bc1 {(04:28)} Rxa2 {(00:52)} 23. Rb2 {
(00:58)} Ra1 {(01:17)} 24. Bg5 {(12:48)} Rxf1+ {(
00:31)} 25. Kxf1 {(00:33)} e4 {(00:02)} 26. Rd2 {(05:13)}
exf3 {(00:07)} 27. gxf3 {(00:48)} Bxh3+ {(00:18)} 28. Ke2
{(00:44)} h6 {(00:28)} 29. Be3 {(00:26)} a6 {(00:
50)} 30. Bd4 {(02:55)} Bxd4 {(00:46)} 31. Rxd4 {(00:02)}
Be6 {(00:02)} 32. Rd3 {(02:11)} Rc2+ {(00:19)} 33. Ke3 {
(00:19)} Rb2 {(00:05)} 0-1

[Event "42nd Olympiad Baku 2016 Women"]
[Site "Baku"]
[Date "2016.09.03"]
[Round "2.30"]
[White "Mezioud, Amina"]
[Black "Linares Napoles, Oleiny"]
[Result "0-1"]
[ECO "C41"]
[WhiteElo "2043"]
[BlackElo "2276"]
[Annotator ""]
[PlyCount "67"]
[EventDate "2016.??.??"]
[EventCountry "AZE"]
[SourceTitle "playchess.com"]
[Source "ChessBase"]
[WhiteTeam "Algeria"]
[BlackTeam "Cuba"]
[WhiteTeamCountry "ALG"]
[BlackTeamCountry "CUB"]
[TimeControl "40/5400+30:1800+30"]

1. e4 {(00:00)} e5 {(00:00)} 2. Nf3 {(00:30)} d6 {(
00:30)} 3. d4 {(00:30)} Nf6 {(00:30)} 4. Nc3 {(00:30)}
Nbd7 {(00:30)} 5. Be2 {(00:30)} Be7 {(00:22)} 6. h3 {
(00:19)} c6 {(00:57)} 7. Be3 {(00:14)} b5 {(01:38)}
8. a3 {(02:21)} Bb7 {(02:58)} 9. O-O {(04:29)} a6 {
(05:20)} 10. Nh4 {(03:49)} exd4 {(17:02)} 11. Bxd4 {
(01:09)} c5 {(00:23)} 12. Bxf6 {(02:38)} Nxf6 {(00:
48)} 13. Nf5 {(01:40)} O-O {(01:04)} 14. Bf3 {(03:36)} Qc7
{(01:43)} 15. Qd2 {(03:27)} Rfe8 {(07:30)} 16. Rad1 {
(05:54)} b4 {(09:40)} 17. axb4 {(02:08)} cxb4 {(00:
06)} 18. Na4 {(15:35)} a5 {(14:42)} 19. Qg5 {(12:55)} Bf8
{(00:58)} 20. Nb6 {(11:08)} Ra6 {(16:37)} 21. Nd5 {
(00:55)} Nxd5 {(07:45)} 22. exd5 {(00:11)} Raa8 {(
00:08)} 23. Rfe1 {(06:00)} g6 {(02:53)} 24. Be4 {(07:52)}
a4 {(01:09)} 25. h4 {(04:27)} Qd8 {(01:26)} 26. Nh6+ {
(06:33)} Bxh6 {(00:19)} 27. Qxh6 {(00:02)} Qf6 {(
00:06)} 28. Qd2 {(02:28)} Qxb2 {(04:38)} 29. Rb1 {(00:11)}
Qf6 {(00:10)} 30. Qxb4 {(01:34)} Bc8 {(01:02)} 31. Ra1 {
(00:57)} Bd7 {(00:20)} 32. Ra3 {(00:41)} Rab8 {(00:
14)} 33. Qd2 {(00:26)} Qxh4 {(00:28)} 34. g3 0-1

[Event "42nd Olympiad Baku 2016 Women"]
[Site "Baku"]
[Date "2016.09.03"]
[Round "2.1"]
[White "Milovic, Aleksandra"]
[Black "Ju, Wenjun"]
[Result "0-1"]
[ECO "A01"]
[WhiteElo "2252"]
[BlackElo "2583"]
[Annotator ""]
[PlyCount "120"]
[EventDate "2016.??.??"]
[EventCountry "AZE"]
[SourceTitle "playchess.com"]
[Source "ChessBase"]
[WhiteTeam "Montenegro"]
[BlackTeam "China"]
[WhiteTeamCountry "MNE"]
[BlackTeamCountry "CHN"]
[TimeControl "40/5400+30:1800+30"]

1. b3 {(00:00)} e5 {(01:34)} 2. Bb2 {(00:00)} Nc6 {
(00:22)} 3. e3 {(00:39)} g6 {(03:44)} 4. f4 {(08:
16)} Bg7 {(04:14)} 5. Nf3 {(02:16)} d6 {(07:18)} 6. Bb5 {
(10:51)} Bd7 {(00:24)} 7. O-O {(02:28)} Nge7 {(07:
32)} 8. fxe5 {(16:52)} dxe5 {(01:33)} 9. Ng5 {(07:12)} O-O
{(02:59)} 10. Bc4 {(07:47)} Be8 {(00:31)} 11. Nc3 {
(05:57)} Na5 {(07:45)} 12. Bd3 {(00:28)} h6 {(02:
49)} 13. Nge4 {(01:19)} f5 {(00:53)} 14. Nc5 {(07:24)} Bf7
{(02:09)} 15. b4 {(04:37)} Nc4 {(00:56)} 16. Bxc4 {
(00:26)} Bxc4 {(00:02)} 17. d3 {(00:13)} Bf7 {(00:
06)} 18. Nxb7 {(05:03)} Qb8 {(00:43)} 19. Nc5 {(00:16)}
Qxb4 {(00:09)} 20. N3a4 {(00:50)} Nd5 {(10:21)} 21. Qe1 {
(00:20)} Qxe1 {(04:47)} 22. Rfxe1 {(02:22)} Nb6 {(
03:06)} 23. e4 {(01:10)} f4 {(09:58)} 24. Nc3 {(01:13)} a5
{(09:53)} 25. a4 {(00:19)} Rfb8 {(01:54)} 26. Ba3 {
(03:37)} Bf8 {(00:18)} 27. Reb1 {(00:24)} g5 {(04:
19)} 28. Nb5 {(01:18)} Rc8 {(02:45)} 29. Kf2 {(03:49)} g4
{(00:28)} 30. g3 {(00:29)} h5 {(00:45)} 31. h3 {(
00:40)} gxh3 {(09:15)} 32. Rh1 {(00:13)} fxg3+ {(00:31)}
33. Kxg3 {(00:13)} Bxc5 {(00:05)} 34. Bxc5 {(00:12)} Be6 {
(00:59)} 35. Kh4 {(03:32)} Bg4 {(01:06)} 36. c4 {(
01:55)} Nd7 {(00:15)} 37. Be7 {(00:35)} Kf7 {(00:19)} 38.
Ba3 {(00:36)} Ra6 {(01:22)} 39. Raf1+ {(00:43)} Kg6 {
(00:48)} 40. Nc3 {(00:00)} c6 {(00:00)} 41. Nd1 {(
04:11)} Rb6 {(07:40)} 42. Nf2 {(04:46)} Rb3 {(02:35)} 43.
Bd6 {(01:04)} Re8 {(00:22)} 44. c5 {(08:18)} Re6 {(
07:02)} 45. Nxg4 {(06:20)} hxg4 {(00:14)} 46. Rf5 {(01:32]
} Rxd3 {(02:23)} 47. Kxg4 {(05:56)} Nf6+ {(00:38)} 48. Kh4
{(00:32)} Re8 {(05:47)} 49. Rg1+ {(01:50)} Kf7 {(
00:04)} 50. Bxe5 {(02:20)} Rh8+ {(00:02)} 51. Kg5 {(00:06]
} Rg8+ {(00:16)} 52. Kf4 {(00:58)} Rxg1 {(00:07)} 53.
Rxf6+ {(00:04)} Ke8 {(01:49)} 54. Rh6 {(00:06)} Rf1+ {
(01:36)} 55. Kg5 {(00:11)} Re3 {(00:40)} 56. Rh4 {(
00:15)} Kf7 {(02:06)} 57. Bd6 {(00:47)} Ref3 {(01:35)} 58.
e5 {(02:19)} Rg1+ {(00:12)} 59. Kh6 {(00:23)} Kg8 {
(00:52)} 60. Rh5 {(00:49)} Rf7 {(00:15)} 0-1

[Event "42nd Olympiad Baku 2016 Women"]
[Site "Baku"]
[Date "2016.09.03"]
[Round "2.9"]
[White "Mona, Khaled"]
[Black "Peptan, Corina-Isabela"]
[Result "0-1"]
[ECO "E21"]
[WhiteElo "2175"]
[BlackElo "2394"]
[Annotator ""]
[PlyCount "80"]
[EventDate "2016.??.??"]
[EventCountry "AZE"]
[SourceTitle "playchess.com"]
[Source "ChessBase"]
[WhiteTeam "Egypt"]
[BlackTeam "Romania"]
[WhiteTeamCountry "EGY"]
[BlackTeamCountry "ROU"]
[TimeControl "40/5400+30:1800+30"]

1. d4 {(00:00)} Nf6 {(00:00)} 2. Nf3 {(00:00)} e6 {
(00:00)} 3. c4 {(00:02)} b6 {(00:28)} 4. Nc3 {(00:
17)} Bb7 {(00:25)} 5. e3 {(00:07)} d5 {(00:34)} 6. Bd3 {
(01:15)} dxc4 {(00:10)} 7. Bxc4 {(00:07)} a6 {(00:
05)} 8. a4 {(02:05)} c5 {(09:03)} 9. O-O {(02:17)} Nc6 {
(01:19)} 10. Re1 {(05:00)} Be7 {(06:57)} 11. b3 {(
08:12)} Na5 {(18:34)} 12. Be2 {(09:44)} Rc8 {(04:03)} 13.
Bb2 {(01:34)} O-O {(14:24)} 14. Rc1 {(01:05)} cxd4 {
(00:36)} 15. Nxd4 {(03:06)} Bb4 {(00:53)} 16. Bf3 {
(09:03)} Qe7 {(07:12)} 17. Qe2 {(04:29)} Bxf3 {(02:
44)} 18. Qxf3 {(00:15)} e5 {(01:04)} 19. Nf5 {(01:45)} Qe6
{(00:01)} 20. e4 {(09:40)} Qxb3 {(00:45)} 21. Ba1 {
(06:23)} Qe6 {(01:32)} 22. Nd5 {(08:19)} Bxe1 {(00:
10)} 23. Rxe1 {(00:40)} Nxd5 {(04:58)} 24. exd5 {(00:27)}
Qf6 {(00:04)} 25. h3 {(03:10)} Nc4 {(01:51)} 26. Qg4 {
(01:14)} Rfe8 {(04:44)} 27. f4 {(02:22)} h5 {(03:
12)} 28. Qxh5 {(01:00)} Qg6 {(00:01)} 29. Qxg6 {(02:30)}
fxg6 {(00:02)} 30. d6 {(00:35)} Rcd8 {(14:48)} 31. Ne7+ {
(01:16)} Kf7 {(02:07)} 32. fxe5 {(00:40)} Nxd6 {(
00:01)} 33. Nd5 {(05:49)} Nc4 {(01:30)} 34. Nc7 {(01:05)}
Re7 {(00:00)} 35. Nxa6 {(00:36)} Ke6 {(00:37)} 36. Nb4 {
(00:16)} Rc7 {(01:13)} 37. Nc2 {(00:45)} Rcd7 {(00:
07)} 38. Re4 {(01:44)} Rd1+ {(01:13)} 39. Kh2 {(00:06)}
Nd2 {(00:21)} 40. Re1 {(00:00)} Nf1+ {(00:00)} 0-1